| TOP OF THE 1ST |
|
Memphis Redbirds batting - Pitching for Lehigh Valley IronPigs : RHP Victor Hurtado
|
|
Pitching: RHP Victor Hurtado
|
|
|
Batting: RHB Joe Smack
|
0-0: Called Strike 0-1: Ball 1-1: Fly out, F7 (Line Drive, 7S, EV 92.5 MPH)
|
|
Batting: SHB Dan Lash
|
0-0: Foul Ball, location: 2F 0-1: Foul Ball, location: 2F 0-2: Ball 1-2: Foul Ball, location: 2F 1-2: Ball 2-2: Ground out 6-3 (Groundball, 4MS, EV 92.5 MPH)
|
|
Batting: LHB Kyle Schaible
|
0-0: Foul Ball, location: 2F 0-1: Swinging Strike 0-2: Ball 1-2: Foul Ball, location: 2F 1-2: Foul Ball, location: 2F 1-2: Foul Ball, location: 2F 1-2: Ball 2-2: Ground out 5-3 (Groundball, 5, EV 103.1 MPH)
|
| Top of the 1st over - 0 runs, 0 hits, 0 errors, 0 left on base; Memphis 0 - Lehigh Valley 0 |
| BOTTOM OF THE 1ST |
|
Lehigh Valley IronPigs batting - Pitching for Memphis Redbirds : RHP Paul Schwartz
|
|
Pitching: RHP Paul Schwartz
|
|
|
Batting: LHB Theodore Conboy
|
0-0: Called Strike 0-1: Swinging Strike 0-2: Foul Ball, location: 2F 0-2: Ball 1-2: Ball 2-2: Foul Ball, location: 2F 2-2: Ball 3-2: Strikes out looking
|
|
Batting: RHB Alberto Ramirez
|
0-0: Ball 1-0: Swinging Strike 1-1: Called Strike 1-2: Ball 2-2: SINGLE (Line Drive, 6M, EV 95.6 MPH)
|
|
Batting: LHB Jose Carlos
|
0-0: Ball 1-0: Foul Ball, location: 2F 1-1: Foul Ball, location: 2F 1-2: Strikes out swinging
|
|
Batting: RHB Mark Schultz
|
0-0: Foul Ball, location: 2F 0-1: Ball 1-1: Ball 2-1: Foul Ball, location: 2F 2-2: Strikes out swinging
|
| Bottom of the 1st over - 0 runs, 1 hit, 0 errors, 1 left on base; Memphis 0 - Lehigh Valley 0 |
| TOP OF THE 2ND |
|
Memphis Redbirds batting - Pitching for Lehigh Valley IronPigs : RHP Victor Hurtado
|
|
Batting: RHB Jeff Brower
|
0-0: Ball 1-0: Called Strike 1-1: Ball 2-1: Foul Ball, location: 2F 2-2: Strikes out looking
|
|
Batting: RHB Danny Gallo
|
0-0: Ball 1-0: Called Strike 1-1: Ball 2-1: Swinging Strike 2-2: Strikes out swinging
|
|
Batting: RHB Fabrice Bertin
|
0-0: Ball 1-0: SINGLE (Line Drive, 34D, EV 96.9 MPH)
|
|
Batting: LHB John Bailey
|
0-0: Ball Fabrice Bertin steals 2nd base 1-0: Ball 2-0: Swinging Strike 2-1: DOUBLE (Flyball, 8LXD, EV 98.8 MPH) Fabrice Bertin scores
|
|
Batting: RHB Josh Martin
|
0-0: Called Strike 0-1: Ball 1-1: Ball 2-1: Ground out 6-3 (Groundball, 6, EV 85.0 MPH)
|
| Top of the 2nd over - 1 run, 2 hits, 0 errors, 1 left on base; Memphis 1 - Lehigh Valley 0 |
| BOTTOM OF THE 2ND |
|
Lehigh Valley IronPigs batting - Pitching for Memphis Redbirds : RHP Paul Schwartz
|
|
Batting: RHB Victor Arroyo
|
0-0: Ball 1-0: Called Strike 1-1: Foul Ball, location: 2F 1-2: Ball 2-2: Ball 3-2: Fly out, F8 (Flyball, 8RD, EV 95.6 MPH)
|
|
Batting: SHB Marco de Leon
|
0-0: Ball 1-0: Ball 2-0: Foul Ball, location: 2F 2-1: Ball 3-1: Foul Ball, location: 2F 3-2: Strikes out swinging
|
|
Batting: RHB Moritake Fukumoto
|
0-0: Ball 1-0: Foul Ball, location: 2F 1-1: Foul Ball, location: 2F 1-2: Fly out, F8 (Line Drive, 8RM, EV 104.4 MPH)
|
| Bottom of the 2nd over - 0 runs, 0 hits, 0 errors, 0 left on base; Memphis 1 - Lehigh Valley 0 |
| TOP OF THE 3RD |
|
Memphis Redbirds batting - Pitching for Lehigh Valley IronPigs : RHP Victor Hurtado
|
|
Batting: LHB Adam Eisen
|
0-0: DOUBLE (Line Drive, 78D, EV 105.0 MPH)
|
|
Batting: RHB Joe Smack
|
0-0: Ground out 5-3 (Groundball, 56, EV 80.6 MPH)
|
|
Batting: SHB Dan Lash
|
0-0: Ball 1-0: Ball 2-0: Foul Ball, location: 2F 2-1: SINGLE (Line Drive, 4MD, EV 96.2 MPH) Adam Eisen to third Runner from 3rd tries for Home, SAFE, throw by CF to home Dan Lash to second
|
|
Batting: LHB Kyle Schaible
|
0-0: Called Strike 0-1: Called Strike 0-2: Foul Ball, location: 2F 0-2: Fly out, F4 (Line Drive, 4, EV 61.9 MPH)
|
|
Batting: RHB Jeff Brower
|
0-0: Ball 1-0: Called Strike 1-1: Ball 2-1: Ball 3-1: Called Strike 3-2: Ground out 4-3 (Groundball, 4, EV 79.4 MPH)
|
| Top of the 3rd over - 1 run, 2 hits, 0 errors, 1 left on base; Memphis 2 - Lehigh Valley 0 |
| BOTTOM OF THE 3RD |
|
Lehigh Valley IronPigs batting - Pitching for Memphis Redbirds : RHP Paul Schwartz
|
|
Batting: RHB Kyle Reilly
|
0-0: Called Strike 0-1: Called Strike 0-2: Ball 1-2: Foul Ball, location: 2F 1-2: SINGLE (Groundball, 4D, EV 95.6 MPH)
|
|
Batting: RHB Bill Moldenhauer
|
0-0: Fly out, F9 (Line Drive, 9, EV 87.5 MPH)
|
|
Batting: LHB Theodore Conboy
|
0-0: Ball Kyle Reilly steals 2nd, throwing error, E2 Kyle Reilly to third 1-0: Ball 2-0: Called Strike 2-1: Fly out, F8 (Flyball, 8LM, EV 79.4 MPH) Runner from 3rd tags up, SCORES, throw by CF
|
|
Batting: RHB Alberto Ramirez
|
0-0: Ball 1-0: Foul Ball, location: 2F 1-1: Called Strike 1-2: Ball 2-2: Foul Ball, location: 2F 2-2: DOUBLE (Line Drive, 89D, EV 110.0 MPH)
|
|
Batting: LHB Jose Carlos
|
0-0: Ball 1-0: Foul Ball, location: 2F 1-1: Swinging Strike 1-2: Strikes out swinging
|
| Bottom of the 3rd over - 1 run, 2 hits, 1 error, 1 left on base; Memphis 2 - Lehigh Valley 1 |
| TOP OF THE 4TH |
|
Memphis Redbirds batting - Pitching for Lehigh Valley IronPigs : RHP Victor Hurtado
|
|
Batting: RHB Danny Gallo
|
0-0: Ball 1-0: Called Strike 1-1: Ball 2-1: SOLO HOME RUN (Flyball, 78XD, EV 115.6 MPH), Distance : 457 ft
|
|
Batting: RHB Fabrice Bertin
|
0-0: Called Strike 0-1: Called Strike 0-2: Fly out, F8 (Line Drive, 8RM, EV 88.1 MPH)
|
|
Batting: LHB John Bailey
|
0-0: Ball 1-0: Ball 2-0: Ball 3-0: Called Strike 3-1: Fly out, F8 (Flyball, 8RXD, EV 88.1 MPH)
|
|
Batting: RHB Josh Martin
|
0-0: Ball 1-0: Ball 2-0: Called Strike 2-1: Ball 3-1: Swinging Strike 3-2: Strikes out swinging
|
| Top of the 4th over - 1 run, 1 hit, 0 errors, 0 left on base; Memphis 3 - Lehigh Valley 1 |
| BOTTOM OF THE 4TH |
|
Lehigh Valley IronPigs batting - Pitching for Memphis Redbirds : RHP Paul Schwartz
|
|
Batting: RHB Mark Schultz
|
0-0: Swinging Strike 0-1: Ball 1-1: Foul Ball, location: 2F 1-2: Foul Ball, location: 2F 1-2: Ball 2-2: Foul Ball, location: 2F 2-2: Foul Ball, location: 2F 2-2: Ground out 6-3 (Groundball, 6, EV 100.6 MPH)
|
|
Batting: RHB Victor Arroyo
|
0-0: Called Strike 0-1: Ball 1-1: Foul Ball, location: 2F 1-2: Ball 2-2: Ground out 6-3 (Groundball, 6S, EV 73.1 MPH)
|
|
Batting: SHB Marco de Leon
|
0-0: SINGLE (Groundball, 25, EV 73.1 MPH) (infield hit)
|
|
Batting: RHB Moritake Fukumoto
|
0-0: Foul Ball, location: 2F 0-1: Swinging Strike 0-2: Strikes out swinging
|
| Bottom of the 4th over - 0 runs, 1 hit, 0 errors, 1 left on base; Memphis 3 - Lehigh Valley 1 |
| TOP OF THE 5TH |
|
Memphis Redbirds batting - Pitching for Lehigh Valley IronPigs : RHP Victor Hurtado
|
|
Batting: LHB Adam Eisen
|
0-0: Ball 1-0: Ball 2-0: Foul Ball, location: 2F 2-1: Called Strike 2-2: Strikes out swinging
|
|
Batting: RHB Joe Smack
|
0-0: Ball 1-0: Ball 2-0: Called Strike 2-1: Foul Ball, location: 2F 2-2: Ball 3-2: Fly out, F9 (Flyball, 9S, EV 81.9 MPH)
|
|
Batting: SHB Dan Lash
|
0-0: Foul Ball, location: 2F 0-1: Ball 1-1: Ball 2-1: Ball 3-1: Base on Balls
|
|
Batting: LHB Kyle Schaible
|
0-0: Called Strike 0-1: Swinging Strike 0-2: Ball 1-2: Ball 2-2: Fly out, F8 (Flyball, 8LD, EV 93.8 MPH)
|
| Top of the 5th over - 0 runs, 0 hits, 0 errors, 1 left on base; Memphis 3 - Lehigh Valley 1 |
| BOTTOM OF THE 5TH |
|
Lehigh Valley IronPigs batting - Pitching for Memphis Redbirds : RHP Paul Schwartz
|
|
Batting: RHB Kyle Reilly
|
0-0: Swinging Strike 0-1: Foul Ball, location: 2F 0-2: Ball 1-2: Strikes out swinging
|
|
Batting: RHB Bill Moldenhauer
|
0-0: Called Strike 0-1: Ball 1-1: Swinging Strike 1-2: Ball 2-2: Foul Ball, location: 2F 2-2: Ball 3-2: Foul Ball, location: 2F 3-2: Fly out, F9 (Flyball, 89M, EV 85.0 MPH)
|
|
Batting: LHB Theodore Conboy
|
0-0: Ball 1-0: Foul Ball, location: 2F 1-1: Foul Ball, location: 2F 1-2: Ball 2-2: Ground out 5-3 (Groundball, 5L, EV 83.8 MPH)
|
| Bottom of the 5th over - 0 runs, 0 hits, 0 errors, 0 left on base; Memphis 3 - Lehigh Valley 1 |
| TOP OF THE 6TH |
|
Memphis Redbirds batting - Pitching for Lehigh Valley IronPigs : RHP Victor Hurtado
|
|
Batting: RHB Jeff Brower
|
0-0: Ground out 5-3 (Groundball, 56, EV 80.6 MPH)
|
|
Batting: RHB Danny Gallo
|
0-0: Ball 1-0: Foul Ball, location: 2F 1-1: Called Strike 1-2: Ball 2-2: Ball 3-2: Foul Ball, location: 2F 3-2: Foul Ball, location: 2F 3-2: Ground out 5-3 (Groundball, 5, EV 86.2 MPH)
|
|
Batting: RHB Fabrice Bertin
|
0-0: Ball 1-0: Called Strike 1-1: SOLO HOME RUN (Flyball, 9LD, EV 91.2 MPH), Distance : 331 ft
|
|
Batting: LHB John Bailey
|
0-0: Swinging Strike 0-1: Ball 1-1: Ground out 4-3 (Groundball, 34, EV 87.5 MPH)
|
| Top of the 6th over - 1 run, 1 hit, 0 errors, 0 left on base; Memphis 4 - Lehigh Valley 1 |
| BOTTOM OF THE 6TH |
|
Lehigh Valley IronPigs batting - Pitching for Memphis Redbirds : RHP Paul Schwartz
|
|
Batting: RHB Alberto Ramirez
|
0-0: SINGLE (Groundball, 34D, EV 100.0 MPH)
|
|
Batting: LHB Jose Carlos
|
0-0: Called Strike 0-1: Called Strike 0-2: Foul Ball, location: 2F 0-2: Ground out 4-3 (Groundball, 34S, EV 86.9 MPH) Alberto Ramirez to second
|
|
Pitching: RHP Josh Sabatino
|
|
|
Batting: RHB Mark Schultz
|
0-0: Ball 1-0: Foul Ball, location: 2F 1-1: Swinging Strike 1-2: Strikes out looking
|
|
Batting: RHB Victor Arroyo
|
0-0: Fly out, F8 (Flyball, 89M, EV 86.2 MPH)
|
| Bottom of the 6th over - 0 runs, 1 hit, 0 errors, 1 left on base; Memphis 4 - Lehigh Valley 1 |
| TOP OF THE 7TH |
|
Memphis Redbirds batting - Pitching for Lehigh Valley IronPigs : RHP Victor Hurtado
|
|
Pitching: RHP Dustin Greaves
|
|
|
Batting: RHB Josh Martin
|
0-0: Hit by Pitch
|
|
Batting: LHB Adam Eisen
|
0-0: Bunt missed! 0-1: Ball Josh Martin steals 2nd base 1-1: Bunt - Flyout to 3S - DP at third! 3-6
|
|
Batting: RHB Joe Smack
|
0-0: Called Strike 0-1: Foul Ball, location: 2F 0-2: Ball 1-2: Ball 2-2: Ball 3-2: Foul Ball, location: 2F 3-2: Foul Ball, location: 2F 3-2: Base on Balls
|
|
Batting: SHB Dan Lash
|
0-0: Called Strike Joe Smack steals 2nd base (no throw) 0-1: Ball 1-1: Ball 2-1: Ball 3-1: Swinging Strike 3-2: Foul Ball, location: 2F 3-2: Foul Ball, location: 2F 3-2: Strikes out swinging
|
| Top of the 7th over - 0 runs, 0 hits, 0 errors, 1 left on base; Memphis 4 - Lehigh Valley 1 |
| BOTTOM OF THE 7TH |
|
Lehigh Valley IronPigs batting - Pitching for Memphis Redbirds : RHP Josh Sabatino
|
|
Batting: SHB Marco de Leon
|
0-0: Foul Ball, location: 2F 0-1: Ball 1-1: Swinging Strike 1-2: Ball 2-2: Ball 3-2: Base on Balls
|
|
Batting: RHB Moritake Fukumoto
|
0-0: Called Strike 0-1: Foul Ball, location: 2F 0-2: Strikes out looking
|
|
Batting: RHB Kyle Reilly
|
0-0: Called Strike 0-1: Called Strike 0-2: Strikes out swinging
|
|
Batting: RHB Bill Moldenhauer
|
0-0: Ball 1-0: Foul Ball, location: 2F 1-1: Swinging Strike 1-2: Ball 2-2: Hit by Pitch Marco de Leon to second
|
|
Batting: LHB Theodore Conboy
|
0-0: Called Strike 0-1: Swinging Strike 0-2: Strikes out swinging
|
| Bottom of the 7th over - 0 runs, 0 hits, 0 errors, 2 left on base; Memphis 4 - Lehigh Valley 1 |
| TOP OF THE 8TH |
|
Memphis Redbirds batting - Pitching for Lehigh Valley IronPigs : RHP Dustin Greaves
|
|
Pitching: RHP Yuichi Nozawa
|
|
|
Batting: LHB Kyle Schaible
|
0-0: Ball 1-0: Swinging Strike 1-1: Foul Ball, location: 2F 1-2: Foul Ball, location: 2F 1-2: Ball 2-2: Ball 3-2: Base on Balls
|
|
Batting: RHB Jeff Brower
|
0-0: Called Strike 0-1: Ball 1-1: Ball 2-1: Ball 3-1: Base on Balls Kyle Schaible to second
|
|
Batting: RHB Danny Gallo
|
0-0: Ball 1-0: Grounds into double play, 5-4-3 (Groundball, 56, EV 102.5 MPH) Kyle Schaible to third
|
|
Batting: RHB Fabrice Bertin
|
0-0: Ball 1-0: Foul Ball, location: 2F 1-1: Foul Ball, location: 2F 1-2: Ground out 5-3 (Groundball, 25, EV 84.4 MPH)
|
| Top of the 8th over - 0 runs, 0 hits, 0 errors, 1 left on base; Memphis 4 - Lehigh Valley 1 |
| BOTTOM OF THE 8TH |
|
Lehigh Valley IronPigs batting - Pitching for Memphis Redbirds : RHP Josh Sabatino
|
|
Batting: RHB Alberto Ramirez
|
0-0: Ball 1-0: Ball 2-0: Called Strike 2-1: Fly out, F8 (Flyball, 8RXD, EV 90.0 MPH)
|
|
Batting: LHB Jose Carlos
|
0-0: Ball 1-0: Ball 2-0: Fly out, F8 (Line Drive, 8RM, EV 94.4 MPH)
|
|
Batting: RHB Mark Schultz
|
0-0: Ball 1-0: Ground out 1-3 (Groundball, 34S, EV 70.6 MPH)
|
| Bottom of the 8th over - 0 runs, 0 hits, 0 errors, 0 left on base; Memphis 4 - Lehigh Valley 1 |
| TOP OF THE 9TH |
|
Memphis Redbirds batting - Pitching for Lehigh Valley IronPigs : RHP Yuichi Nozawa
|
|
Pitching: RHP Alex Florez
|
|
|
Batting: LHB John Bailey
|
0-0: Swinging Strike 0-1: Called Strike 0-2: Strikes out swinging
|
|
Batting: RHB Josh Martin
|
0-0: DOUBLE (Groundball, 5L, EV 107.5 MPH)
|
|
Batting: LHB Adam Eisen
|
0-0: Ball 1-0: Ball 2-0: Fly out, F4 (Popup, 4D, EV 60.0 MPH)
|
|
Batting: RHB Joe Smack
|
0-0: Ball 1-0: Foul Ball, location: 2F 1-1: Foul Ball, location: 2F 1-2: Ball 2-2: Strikes out swinging
|
| Top of the 9th over - 0 runs, 1 hit, 0 errors, 1 left on base; Memphis 4 - Lehigh Valley 1 |
| BOTTOM OF THE 9TH |
|
Lehigh Valley IronPigs batting - Pitching for Memphis Redbirds : RHP Josh Sabatino
|
|
Pitching: RHP Mike Pemble
|
|
|
Batting: RHB Victor Arroyo
|
0-0: Called Strike 0-1: Ball 1-1: Ball 2-1: Called Strike 2-2: Strikes out swinging
|
|
Batting: SHB Marco de Leon
|
0-0: SINGLE (Groundball, 4D, EV 95.0 MPH)
|
|
Batting: RHB Moritake Fukumoto
|
0-0: Ball 1-0: Called Strike 1-1: Grounds into double play, U3-6 (Groundball, 3L, EV 76.9 MPH)
|
| Bottom of the 9th over - 0 runs, 1 hit, 0 errors, 0 left on base; Memphis 4 - Lehigh Valley 1 |
|